 Dungeon Crawl Stone Soup version 0.27.0-1-g7a089689b8 (webtiles) character file.

Game seed: 15928160703869972294

176 Sin92 the Skirmisher (level 5, -4/41 HPs)
             Began as a Demonspawn Fighter on Aug 5, 2021.
             Slain by a wyvern zombie (7 damage)
             ... on level 4 of the Dungeon.
             The game lasted 00:03:08 (2452 turns).

Sin92 the Skirmisher (Demonspawn Fighter)           Turns: 2452, Time: 00:03:09

Health: -4/41      AC: 10    Str: 17    XL:     5   Next: 30%
Magic:  5/5        EV:  7    Int:  9    God:
Gold:   935        SH:  9    Dex: 13    Spells: 4/4 levels left

rFire    + . .     SeeInvis .   a - +0 war axe
rCold    + . .     Faith    .   c - +0 kite shield
rNeg     . . .     Spirit   .   b - +0 scale mail
rPois    +         Reflect  .   (helmet restricted)
rElec    +         Harm     .   (no cloak)
rCorr    +         Rampage  .   (no gloves)
Will     .....                  (no boots)
Stlth    ..........             (no amulet)
HPRegen  0.13/turn              i - +4 ring of protection
MPRegen  0.09/turn              (no ring)

@: brilliant, resistant
A: horns 1, powered by death 2
a: no special abilities


You were on level 4 of the Dungeon.
You visited 1 branch of the dungeon, and saw 4 of its levels.

You collected 935 gold pieces.

Inventory:

Hand Weapons
 a - a +0 war axe (weapon)
Armour
 b - a +0 scale mail (worn)
 c - a +0 kite shield (worn)
Jewellery
 e - a ring of ice
 i - a +4 ring of protection (left hand)
Scrolls
 f - a scroll of identify
 j - a scroll of enchant weapon
Potions
 d - 2 potions of might
 k - a potion of curing {unknown}


   Skills:
 + Level 3.6 Fighting
 * Level 3.3 Axes
 + Level 3.2 Armour
 + Level 1.6 Dodging
 + Level 3.3 Shields


You had 4 spell levels left.
You didn't know any spells.
Your spell library contained the following spells:

 Spells                   Type           Power      Damage    Failure   Level
 Corpse Rot               Necr/Air       N/A        N/A       100%        2
 Dispel Undead            Necr           0%         3d6       100%        4
 Death Channel            Necr           0%         N/A       100%        6


Dungeon Overview and Level Annotations

Branches:
Dungeon (4/15)
 Temple: D:4-7

Altars:


Innate Abilities, Weirdness & Mutations

You have a pair of small horns on your head.
You regenerate health from kills.


Message History

Unknown command.
You barely miss the wyvern zombie.
The wyvern zombie is severely damaged.
You block the wyvern zombie's attack. The orc hits you but does no damage.
The wyvern zombie bites you! The orc barely misses you.
There are monsters nearby!
You are too injured to fight recklessly!
Unknown command.
There are monsters nearby!
You are too injured to fight recklessly!
Unknown command.
There are monsters nearby!
You are too injured to fight recklessly!
Unknown command.
Unknown command.
You are too injured to fight recklessly!
There are monsters nearby!
You are too injured to fight recklessly!
There are monsters nearby!
Unknown command.
You hit the wyvern zombie.
The wyvern zombie is severely damaged.
You block the wyvern zombie's attack. You block the orc's attack.
The wyvern zombie completely misses you.
You hit the wyvern zombie. Your headbutt misses the wyvern zombie.
The wyvern zombie is severely damaged.
You block the orc's attack. The wyvern zombie bites you!
* * * LOW HITPOINT WARNING * * *
You block the orc's attack. The wyvern zombie bites you.
* * * LOW HITPOINT WARNING * * *
Unknown command.
It was a potion of resistance.
You feel protected. The wyvern zombie barely misses you.
The orc hits you from afar with a +0 trident.
* * * LOW HITPOINT WARNING * * *
It was a potion of brilliance.
You feel clever all of a sudden. The wyvern zombie bites you!
You die...

#.. . #.. ..###..
....... .....
....... ....
#....o. ...#
......Z### ...#
......)@.# ...#
...$..†#.##...#
.#.#.......#######
#######.......#
#######.# #...#
#.### #.# #.#


You could see an orc and a wyvern zombie.

Vanquished Creatures
  An orc wizard (D:3)
  A gnoll (D:1)
  6 adders
  An adder skeleton (D:3)
  2 worms
  3 dart slugs
  9 orcs
  6 endoplasms
  3 giant cockroaches
  5 goblins
  3 hobgoblins
  2 quokkas
  5 ball pythons
  4 bats
  2 frilled lizards
  8 kobolds
  5 rats
66 creatures vanquished.

Notes
Turn   | Place    | Note
-------+----------+-------------------------------------------
     0 | D:1      | Sin92 the Demonspawn Fighter began the quest for the Orb.
     0 | D:1      | Reached XP level 1. HP: 18/18 MP: 1/1
   185 | D:1      | Gained mutation: You regenerate a little health from kills.
                  | [demonic ancestry]
   185 | D:1      | Reached XP level 2. HP: 13/24 MP: 2/2
   310 | D:1      | Gained mutation: You have a pair of small horns on your
                  | head. [demonic ancestry]
   310 | D:1      | Reached XP level 3. HP: 29/29 MP: 3/3
   687 | D:2      | Reached skill level 1 in Dodging
  1138 | D:2      | Gained mutation: You regenerate health from kills. [demonic
                  | ancestry]
  1138 | D:2      | Reached XP level 4. HP: 35/35 MP: 4/4
  1661 | D:2      | Found a faded altar of an unknown god.
  1997 | D:3      | Reached XP level 5. HP: 41/41 MP: 5/5
  2393 | D:3      | Identified a scroll of acquirement
  2393 | D:3      | Acquired 793 gold pieces
  2452 | D:4      | Slain by a wyvern zombie

Illustrated notes

Levels and vault maps discovered:
D:1:      dpeg_arrival_rooms_b, layout_rooms
D:2:      layout_basic, shapermc_ecumenical_altar_hornbeckon, kennysheep_potato
D:3:      layout_rooms
D:4:      layout_basic, gammafunk_ghost_abyssal_escape, grunt_decor_junction,
          kennysheep_small_square

Skill      XL: |  1  2  3  4 |
---------------+-------------+-----
Axes           | 2 3 |  3.3
Dodging        | 1 |  1.6
Shields        | 3 |  3.3
Armour         | 3 |  3.2
Fighting       | |  3.6

Action                   |  1- 3 |  4- 6 || total
-------------------------+-------+-------++-------
Melee: War axe           |    89 |   100 ||   189
       Headbutt          |    10 |    15 ||    25
  Use: Scroll            |       |     5 ||     5
       Potion            |       |     4 ||     4
Armor: Scale mail        |    62 |    48 ||   110
       Skin              |       |    13 ||    13
Dodge: Dodged            |    38 |    50 ||    88
Block: Kite shield       |    48 |    70 ||   118
